 Dungeon Crawl Stone Soup version 0.27.0-1-g7a089689b8 (webtiles) character file.

Game seed: 3178224547994021602

104 pkoi the Slasher (level 4, 0/39 HPs)
             Began as a Minotaur Monk on Aug 3, 2021.
             Succumbed to a scorpion's poison
             ... on level 3 of the Dungeon.
             The game lasted 00:01:55 (2552 turns).

pkoi the Slasher (Minotaur Monk)                    Turns: 2552, Time: 00:01:56

Health: 0/39       AC:  8    Str: 16    XL:     4   Next: 52%
Magic:  3/3        EV:  7    Int:  7    God:
Gold:   146        SH:  0    Dex: 13    Spells: 3/3 levels left

rFire    . . .     SeeInvis .   a - +1 falchion
rCold    + . .     Faith    .   (no shield)
rNeg     . . .     Spirit   .   e - +0 chain mail
rPois    .         Reflect  .   (helmet restricted)
rElec    .         Harm     .   (no cloak)
rCorr    .         Rampage  .   (no gloves)
Will     .....                  (no boots)
Stlth    ..........             (no amulet)
HPRegen  0.13/turn              g - ring of protection from cold
MPRegen  0.08/turn              k - ring of flight

@: lethally poisoned (0 -> -9), flying
A: horns 2, retaliatory headbutt
a: no special abilities


You were on level 3 of the Dungeon.
You visited 1 branch of the dungeon, and saw 3 of its levels.

You collected 146 gold pieces.

Inventory:

Hand Weapons
 a - a +1 falchion (weapon)
Armour
 b - a +0 robe
 e - a +0 chain mail (worn)
Jewellery
 g - a ring of protection from cold (left hand)
 k - a ring of flight (right hand)
Scrolls
 c - 2 scrolls of vulnerability
Potions
 f - a potion of resistance {unknown}
 h - a potion of brilliance {unknown}
 j - 2 potions of curing {unknown}


   Skills:
 - Level 3.6 Fighting
 + Level 6.5 Long Blades
 - Level 3.2 Dodging
 - Level 1.5 Stealth


You had 3 spell levels left.
You didn't know any spells.
Your spell library contained the following spells:

 Spells                   Type           Power      Damage    Failure   Level
 Dazzling Flash           Conj/Hex       0%         N/A       100%        3
 Agony                    Necr           0%         N/A       100%        5
 Silence                  Hex/Air        0%         N/A       100%        5


Dungeon Overview and Level Annotations

Branches:
Dungeon (3/15)

Altars:


Innate Abilities, Weirdness & Mutations

You have a pair of horns on your head.
You reflexively headbutt those who attack you in melee.


Message History

Your chain mail prevents you from hitting the kobold.
The kobold hits you but does no damage.
You hit the kobold.
You kill the kobold!
The scorpion stings you.
You are poisoned.
The scorpion poisons you!
You barely miss the scorpion.
You feel sick.
The scorpion stings you but does no damage.
You hit the scorpion.
The scorpion is moderately wounded.
You feel sick.
The scorpion stings you but does no damage.
You closely miss the scorpion.
The scorpion is moderately wounded.
You feel sick. The scorpion stings you.
You closely miss the scorpion.
The scorpion is moderately wounded.
You feel sick. The scorpion stings you.
You are more poisoned.
The scorpion poisons you! The scorpion closely misses you.
You riposte.
You hit the scorpion.
The scorpion is heavily wounded.
You closely miss the scorpion.
The scorpion is heavily wounded.
You feel very sick. The scorpion barely misses you.
You hit the scorpion but do no damage. You headbutt the scorpion.
The scorpion is heavily wounded.
You feel very sick. The scorpion stings you.
Unknown command.
You barely miss the scorpion. Your headbutt misses the scorpion.
The scorpion is heavily wounded.
* * * LOW HITPOINT WARNING * * *
You feel sick. The scorpion stings you!
* * * LOW HITPOINT WARNING * * *
Unknown command.
It was a potion of cancellation.
You feel magically purged.
You die...

##
#?##########
#.....@s...#
##.[######(...
##.### #
#...####
###....####
####....###
####...######
###......####
######....#


You could see a scorpion.

Vanquished Creatures
  Robin (D:2)
  2 adders (D:2)
  A worm (D:2)
  9 ball pythons
  6 bats
  4 endoplasms
  2 giant cockroaches (D:2)
  9 goblins
  9 hobgoblins
  7 jackals
  3 kobolds
  3 quokkas (D:1)
  3 frilled lizards
  7 rats
66 creatures vanquished.

Vanquished Creatures (others)
  7 toadstools (D:3)
7 creatures vanquished.

Grand Total: 73 creatures vanquished

Notes
Turn   | Place    | Note
-------+----------+-------------------------------------------
     0 | D:1      | pkoi the Minotaur Monk began the quest for the Orb.
     0 | D:1      | Reached XP level 1. HP: 19/19 MP: 0/0
    42 | D:1      | Reached skill level 4 in Long Blades
   243 | D:1      | Reached XP level 2. HP: 21/26 MP: 1/1
   436 | D:1      | Reached skill level 5 in Long Blades
   783 | D:1      | Reached XP level 3. HP: 31/31 MP: 2/2
  1147 | D:2      | Noticed Robin
  1770 | D:2      | Reached XP level 4. HP: 39/39 MP: 3/3
  1771 | D:2      | Reached skill level 6 in Long Blades
  1781 | D:2      | Killed Robin
  2540 | D:3      | Noticed a scorpion
  2552 | D:3      | Succumbed to a scorpion's poison

Illustrated notes

Levels and vault maps discovered:
D:1:      giann_forest_graveyard, layout_basic, minmay_misc_feat_rows,
          minmay_pentomino_s4
D:2:      layout_loops_ring, kennysheep_generic_room_15, uniq_robin
D:3:      cheibrodos_fertilizer, layout_rooms

Skill      XL: |  1  2  3  4 |
---------------+-------------+-----
Long Blades    | 4 5 6 |  6.5
Fighting       | |  3.6
Dodging        | |  3.2
Stealth        | |  1.5

Action                   |  1- 3 |  4- 6 || total
-------------------------+-------+-------++-------
Melee: Falchion          |    88 |    49 ||   137
       Headbutt          |    12 |     5 ||    17
  Use: Scroll            |     2 |     2 ||     4
       Potion            |       |     1 ||     1
 Stab: Sleeping          |     1 |       ||     1
Armor: Robe              |    10 |       ||    10
       Chain mail        |    12 |    28 ||    40
Dodge: Dodged            |    57 |    10 ||    67
       Rpst.: Falchion   |    14 |     4 ||    18
